 Dungeon Crawl Stone Soup version 0.23-a0-629-gae4348f (webtiles) character file.

138017 Mgcat the Executioner (level 16, 0/145 HPs)
             Began as a Minotaur Fighter on Dec 26, 2018.
             Was the Champion of Okawaru.
             Killed from afar by Vashnia (12 damage)
             ... with a splash of poison
             ... on level 2 of the Snake Pit on Dec 27, 2018.
             The game lasted 01:06:29 (28904 turns).

Mgcat the Executioner (Minotaur Fighter)           Turns: 28904, Time: 01:06:30

Health: 0/145      AC: 27    Str: 24    XL:     16   Next: 70%
Magic:  41/42      EV: 16    Int:  5    God:    Okawaru [******]
Gold:   1712       SH:  0    Dex: 15    Spells: 15/15 levels left

rFire    . . .     SeeInvis +   D - +7 battleaxe (flame)
rCold    + + .     Gourm    .   (shield currently unavailable)
rNeg     + + +     Faith    .   i - +3 plate armour {rC+}
rPois    .         Spirit   .   u - +0 hat {SInv}
rElec    +         Reflect  .   B - +0 cloak {MR+}
rCorr    .         Harm     .   N - +2 pair of gloves
MR       ++...                  y - +0 pair of boots of Okawaru's Castigation {rN++ Str-3 Int-2 Stlth+}
Stlth    ..........             O - macabre finger necklace {rN+}
HPRegen  0.34/turn              E - ring "Qolica" {rElec rF+ MP+9}
MPRegen  0.28/turn              b - ring of Tempters {MP+9 Str+2 Dex+4}
                                K - ring of ice {rC+, rF-}

@: lethally poisoned (0 -> -11), heroism, studying Earth Magic
A: retaliatory headbutt, horns 2
a: Heroism, Finesse, Renounce Religion


You were on level 2 of the Snake Pit.
You worshipped Okawaru.
Okawaru was exalted by your worship.
You were not hungry.

You visited 4 branches of the dungeon, and saw 25 of its levels.
You visited the Abyss 1 time.
You also visited: Ossuary, Gauntlet and Ice Cave.

You collected 2409 gold pieces.
You spent 697 gold pieces at shops.

Inventory:

Hand Weapons
 D - a +7 battleaxe of flaming (weapon)
   (Okawaru gifted it to you on level 9 of the Dungeon)
 V - a +3 battleaxe of electrocution
   (Okawaru gifted it to you on level 5 of the Lair of Beasts)
Missiles
 x - 6 silver javelins (quivered)
Armour
 i - a +3 plate armour of cold resistance (worn)
   (You found it in an ice cave)
 u - a +0 hat of see invisible (worn)
   (You took it off Gastronok on level 12 of the Dungeon)
 y - the +0 pair of boots of Okawaru's Castigation (worn) {rN++ Str-3 Int-2 Stlth+}
   (Okawaru gifted it to you on level 14 of the Dungeon)

   It affects your strength (-3).
   It affects your intelligence (-2).
   It greatly protects you from negative energy.
   It makes you more stealthy.
 B - a +0 cloak of magic resistance (worn)
   (You found it in a Gauntlet)
 N - a +2 pair of gloves (worn)
   (You found it on level 4 of the Dungeon)
 Y - a +0 crystal plate armour
   (Okawaru gifted it to you on level 6 of the Lair of Beasts)
Magical Staves
 M - an uncursed staff of power {unknown}
   (You found it in an ice cave)
Jewellery
 b - the ring of Tempters (right hand) {MP+9 Str+2 Dex+4}
   (You found it in a Gauntlet)

   [ring of dexterity]

   It affects your strength (+2).
   It affects your dexterity (+4).
   It affects your magic capacity (+9).
 j - an uncursed ring of protection from magic {MR+, !d}
   (You found it on level 14 of the Dungeon)
 v - an uncursed ring of flight {+Fly, !d}
   (You found it on level 2 of the Dungeon)
 E - the ring "Qolica" (left hand) {rElec rF+ MP+9}
   (You bought it in a shop on level 2 of the Orcish Mines)

   [ring of magical power]

   It protects you from fire.
   It insulates you from electricity.
   It affects your magic capacity (+9).
 J - an uncursed ring of resist corrosion
   (You found it on level 14 of the Dungeon)
 K - a ring of ice (on amulet) {rC+, rF-}
   (You found it on level 8 of the Dungeon)
 O - the macabre finger necklace (around neck) {rN+}
   (You found it on level 14 of the Dungeon)

   [amulet of nothing]

   It protects you from negative energy.
Wands
 g - a wand of acid (23)
   (You found it on level 1 of the Abyss)
 r - a wand of iceblast (16)
   (You found it on level 9 of the Dungeon)
 I - a wand of clouds (3)
   (You found it on level 1 of the Lair of Beasts)
 Q - a wand of scattershot (7)
   (You took it off an orc on level 6 of the Dungeon)
 S - a wand of paralysis (13)
   (You took it off Maurice on level 9 of the Dungeon)
 X - a wand of disintegration (13)
   (You found it on level 6 of the Lair of Beasts)
Scrolls
 a - 3 scrolls of immolation {!r}
 e - 5 scrolls of identify
 l - 4 scrolls of amnesia
 o - 12 scrolls of remove curse
 t - 2 scrolls of fear
 w - 4 scrolls of teleportation
 U - 2 scrolls of fog
Potions
 c - a potion of heal wounds
 d - 5 potions of might
 h - 6 potions of agility
 k - 5 potions of flight
 m - 3 potions of curing
 n - 9 potions of brilliance
 p - 2 potions of ambrosia
 q - a potion of berserk rage {!q}
 s - 2 potions of mutation {!q}
 z - 2 potions of lignification {!q}
 G - 4 potions of haste
 H - a potion of cancellation
Books
 A - a manual of Earth Magic {!d}
   (You found it on level 7 of the Dungeon)
Miscellaneous
 C - a box of beasts
 L - a fan of gales
   (You found it in a Gauntlet)
 T - a lightning rod (4/4)
   (You found it on level 5 of the Lair of Beasts)
Comestibles
 f - 49 rations


   Skills:
 + Level 13.9(18.9) Fighting
 + Level 21.5(26.5) Axes
 + Level 11.3(16.3) Armour
 - Level 10.0(15.0) Dodging
   Level 3.6(8.6) Shields
 + Level 12.8 Invocations
 + Level 9.5 Evocations


You had 15 spell levels left.
You didn't know any spells.
Your spell library contained the following spells:

 Spells                   Type           Power        Failure   Level  Hunger
 Beastly Appendage        Tmut           #.....       98%         1    ##.....
 Confusing Touch          Hex            #.....       98%         1    ##.....
 Corona                   Hex            #......      98%         1    ##.....
 Magic Dart               Conj           #...         98%         1    ##.....
 Shock                    Conj/Air       #...         98%         1    ##.....
 Summon Small Mammal      Summ           #...         98%         1    ##.....
 Call Imp                 Summ           #.......     99%         2    ###....
 Searing Ray              Conj           #.....       99%         2    ###....
 Slow                     Hex            #.......     99%         2    ###....
 Sticks to Snakes         Tmut           #.......     99%         2    ###....
 Swiftness                Chrm/Air       #.......     99%         2    ###....
 Call Canine Familiar     Summ           #.......     100%        3    ####...
 Confuse                  Hex            #.......     100%        3    ####...
 Dazzling Spray           Conj/Hex       #.....       100%        3    ####...
 Gell's Gravitas          Tloc           #.........   100%        3    ####...
 Ignite Poison            Fire/Tmut/Pois #.......     100%        3    ####...
 Inner Flame              Hex/Fire       #.......     100%        3    ####...
 Portal Projectile        Hex/Tloc       #.....       100%        3    ####...
 Spider Form              Tmut/Pois      #.........   100%        3    ####...
 Static Discharge         Conj/Air       #.......     100%        3    ####...
 Summon Guardian Golem    Hex/Summ       #.......     100%        3    ####...
 Airstrike                Air            #.........   100%        4    #####..
 Cause Fear               Hex            #.........   100%        4    #####..
 Force Lance              Conj/Tloc      #.......     100%        4    #####..
 Fulminant Prism          Conj/Hex       #.........   100%        4    #####..
 Ice Form                 Ice/Tmut       #.......     100%        4    #####..
 Iskenderun's Mystic Bla  Conj           #.......     100%        4    #####..
 Leda's Liquefaction      Hex/Erth       #.........   100%        4    #####..
 Petrify                  Tmut/Erth      #.......     100%        4    #####..
 Summon Ice Beast         Ice/Summ       #.......     100%        4    #####..
 Summon Lightning Spire   Summ/Air       #.......     100%        4    #####..
 Blade Hands              Tmut           #.........   100%        5    ######.
 Fireball                 Conj/Fire      #.........   100%        5    ######.
 Lightning Bolt           Conj/Air       #.........   100%        5    ######.
 Metabolic Englaciation   Hex/Ice        #.........   100%        5    ######.
 Yara's Violent Unravell  Hex/Tmut       #.........   100%        5    ######.
 Bolt of Cold             Conj/Ice       #.........   100%        6    #######
 Bolt of Fire             Conj/Fire      #.........   100%        6    #######
 Freezing Cloud           Conj/Ice/Air   #.........   100%        6    #######
 Ozocubu's Refrigeration  Ice            #.........   100%        6    #######
 Simulacrum               Ice/Necr       #.........   100%        6    #######
 Ring of Flames           Chrm/Fire      #.........   100%        7    #######
 Ignition                 Fire           #.........   100%        8    #######


Dungeon Overview and Level Annotations

Branches:
Dungeon (15/15)            Temple (0/1) D:6            Lair (6/6) D:9
 Shoals (0/4) Lair:3        Snake (2/4) Lair:3        Slime (0/5) Lair:6
    Orc (2/2) D:11            Elf (0/3) Orc:2        Vaults (0/5) D:14
 Depths (0/5) D:15

Altars:
Fedhas
Hepliaklqana
Makhleb
Okawaru
Trog
Uskayaw
Vehumet
Wu Jian
Yredelemnul
Zin
The Shining One

Shops:
Orc:2 *=!!   Snake:1 }   Snake:2 *

Annotations:
D:10 2 runed doors, Mgcat's ghost, journeyman DEAE
D:14 2 runed doors
Snake:2 Vashnia


Innate Abilities, Weirdness & Mutations

You reflexively headbutt those who attack you in melee.
You have a pair of horns on your head.


Message History

You see here an arrow.
A naga sharpshooter is nearby!
A naga sharpshooter and Vashnia come into view.
Vashnia is wielding a +2 halberd of flaming.
The naga shouts!
Vashnia shouts!
The naga sharpshooter mumbles some strange words.
The naga sharpshooter magically shoots an arrow.
The arrow hits you.
You hear a shout!
You see here 2 arrows. 2 naga sharpshooters come into view.
The naga sharpshooter shouts! x2
The naga sharpshooter unwields a +0 long sword.
The naga sharpshooter wields a +0 arbalest.
The naga sharpshooter shoots a bolt.
The bolt hits you but does no damage.
The naga sharpshooter unwields a +0 glaive.
The naga sharpshooter wields a +0 arbalest.
The naga sharpshooter mumbles some strange words.
The naga sharpshooter magically shoots a bolt.
The bolt hits you.
Vashnia unwields a +2 halberd of flaming.
It stops flaming.
Vashnia wields a +0 arbalest.
Vashnia shoots a bolt.
The bolt hits you!
The naga sharpshooter spits poison at you.
The splash of poison misses you.
The naga sharpshooter mumbles some strange words.
The naga sharpshooter magically shoots an arrow.
The arrow hits you!
Things that are here:
2 arrows; 4 bolts A naga sharpshooter comes into view.
It is wielding a -3 glaive.
The naga sharpshooter unwields a +0 war axe.
The naga sharpshooter wields a +0 arbalest.
The naga sharpshooter gestures wildly while chanting.
The naga sharpshooter magically shoots a bolt.
The bolt hits you.
The naga sharpshooter unwields a -3 glaive.
The naga sharpshooter wields a +0 arbalest.
The naga sharpshooter gestures wildly while chanting.
The naga sharpshooter magically shoots a bolt.
The bolt hits you but does no damage.
The naga sharpshooter mumbles some strange words.
The naga sharpshooter magically shoots a bolt.
The bolt hits you!
Vashnia blinks!
The naga sharpshooter spits poison at you.
The splash of poison hits you!
You are poisoned.
You see here 5 bolts.
Unknown command.
Unknown command.
Unknown command.
As you read the scroll of teleportation, it crumbles to dust.
You feel strangely unstable.
You feel sick.
The naga sharpshooter shoots a bolt.
The bolt hits you!
The naga sharpshooter shoots a bolt.
The bolt hits you but does no damage.
The naga sharpshooter shoots an arrow.
The arrow hits you!
You gain the combat prowess of a mighty hero.
The naga sharpshooter mumbles some strange words.
The naga sharpshooter magically shoots a bolt.
The bolt hits you!!
Unknown command.
Unknown command.
Unknown command.
Unknown command.
Your surroundings seem slightly different.
You feel sick.
The naga sharpshooter casts a spell.
The naga sharpshooter magically shoots a bolt.
The bolt hits you!
The naga sharpshooter spits poison at you.
The splash of poison misses you.
The naga sharpshooter shoots an arrow.
The arrow hits you but does no damage.
Vashnia shoots a bolt.
The bolt hits you!!
* * * LOW HITPOINT WARNING * * *
The naga sharpshooter gestures wildly while chanting.
The naga sharpshooter magically shoots a bolt.
The bolt hits you.
* * * LOW HITPOINT WARNING * * *
Things that are here:
an arrow; 4 bolts Unknown command.
Unknown command.
Unknown command.
Unknown command.
Unknown command.
As you read the scroll of fog, it crumbles to dust.
The scroll dissolves into smoke.
The naga sharpshooter spits poison at you.
The splash of poison hits you!
You are more poisoned.
The naga sharpshooter shoots a bolt.
The bolt hits you.
* * * LOW HITPOINT WARNING * * *
The naga sharpshooter gestures wildly while chanting.
The naga sharpshooter magically shoots an arrow.
The arrow hits you!
* * * LOW HITPOINT WARNING * * *
Vashnia spits poison at you. The splash of poison hits you!
You are more poisoned.
You die...

,,,.^.............#$.#*,**,,*,,,,
,**##.............#8.##.**,8*,,,,
** #.............##S...,,,**,,,,
##....[........#####****,,,,,
##......(..$.....N.,,,,,*,,,
##......(.........,,,****,,
##......(........,,,* *,,
#......§§§..NN..,,,* **,
##.....§@§..N...,,,** **,
###########....§§§..N.!.,,,,***,,
........)....##.........,,,,**,,,
.............##.#..>....,,,,**,,,
.......####..##.##.N....,,,,*,,,*
.......# ##..#.#*#.....,,,,,,,,*
.......# #..#.#**#....,,,,,,,,,
.......# ##...,,,,....,,,,,,,,,
.......# *#..#**,,,*,,,,,,,,,,


You could see Vashnia, 5 naga sharpshooters and an anaconda.

Vanquished Creatures
  An Ice Fiend (IceCv)
  Gastronok (D:12)
  A tentacled starspawn (Abyss:1)
  Kirke (D:13)
  5 ghouls (D:14)
  Nessos (D:12)
  A dire elephant (Lair:6)
  A minotaur (Gauntlet)
  Azrael (D:13)
  A death ooze (Gauntlet)
  Josephine (Lair:5)
  Snorg (D:12)
  An ice dragon (D:14)
  Erolcha (D:9)
  Fannar (D:12)
  2 naga warriors (Snake:1)
  A vault guard (D:14)
  7 hydras
  An anaconda (Snake:1)
  A two-headed ogre (shapeshifter) (Gauntlet)
  A catoblepas (Lair:6)
  7 death yaks (Lair:6)
  3 centaur warriors
  An ogre mage (D:10)
  3 two-headed ogres
  A tengu warrior (D:13)
  A naga sharpshooter (Snake:1)
  A sun demon (Abyss:1)
  A titan skeleton (Abyss:1)
  A fire crab (D:14)
  4 skeletal warriors (D:14)
  An unseen horror (D:11)
  A glowing orange brain (shapeshifter) (D:14)
  Pikel (D:9)
  2 naga ritualists (Snake:1)
  A deep elf mage (D:15)
  3 lindwurms
  5 orc knights
  3 mana vipers (Snake:1)
  A harpy (shapeshifter) (D:14)
  3 wolf spider zombies (D:14)
  18 ugly things
  7 manticores
  2 salamanders (Snake:1)
  6 cyclopes
  3 orc sorcerers
  6 elephants (Lair:6)
  14 black mambas
  An ice statue (IceCv)
  Maurice (D:9)
  A merfolk siren (Lair:3)
  4 naga magi
  A smoke demon (Abyss:1)
  4 freezing wraiths
  13 spiny frogs
  5 komodo dragons
  A yaktaur (D:14)
  6 ice devils
  2 rime drakes
  2 harpy zombies (D:14)
  4 anaconda simulacra (IceCv)
  A merfolk (shapeshifter) (D:14)
  2 tengu conjurers
  2 golden dragon simulacra (IceCv)
  2 polar bears
  3 meliai (D:14)
  8 trolls
  A polar bear (shapeshifter) (Gauntlet)
  2 hornets
  A hornet (shapeshifter) (D:14)
  Prince Ribbit (Lair:3)
  A wolf spider simulacrum (D:14)
  7 blink frogs
  A meliai zombie (D:14)
  14 hippogriffs
  A slime creature (D:14)
  9 dream sheep
  5 vampires
  5 shadows
  A dire elephant simulacrum (IceCv)
  2 ynoxinuls (Abyss:1)
  7 wraiths
  49 yaks
  2 wyverns
  5 hogs (D:13)
  A yak (shapeshifter) (D:15)
  3 basilisks
  4 fire elementals (D:13)
  A hungry ghost (D:8)
  A death yak simulacrum (IceCv)
  2 vampire mosquitoes (D:14)
  2 iron troll simulacra (IceCv)
  4 wargs (Orc:2)
  2 harpy simulacra (IceCv)
  9 nagas
  4 hydra simulacra (IceCv)
  An acid dragon (D:15)
  2 small abominations (Abyss:1)
  16 water moccasins
  9 porcupines
  4 hell hounds (D:13)
  4 slaves (D:9)
  47 orc warriors
  9 sky beasts
  A hornet zombie (D:14)
  3 ice beasts
  5 phantoms
  2 necrophages
  An eye of draining (D:14)
  13 ogres
  21 wolves
  21 centaurs
  A big kobold (shapeshifter) (Gauntlet)
  11 crocodiles
  Blork the orc (D:4)
  4 big kobolds
  22 bullfrogs
  3 wyvern zombies (D:14)
  4 gnoll sergeants
  3 scorpions
  16 killer bees
  A wyvern skeleton (D:12)
  A swamp dragon simulacrum (IceCv)
  An elephant simulacrum (IceCv)
  A howler monkey (D:6)
  5 electric eels
  10 crimson imps
  A draconian simulacrum (IceCv)
  5 centaur zombies
  16 hounds
  5 centaur skeletons
  A quasit (D:10)
  4 bullfrog skeletons
  A human zombie (Ossuary)
  4 jellies
  16 orc priests
  An iron imp (Abyss:1)
  4 hell rats (Lair:6)
  4 iguanas
  29 orc wizards
  A troll simulacrum (IceCv)
  7 worker ants
  2 spriggan simulacra (IceCv)
  2 wolf simulacra (IceCv)
  A killer bee zombie (D:8)
  A centaur simulacrum (IceCv)
  A big kobold zombie (Ossuary)
  9 mummies
  A hound zombie (D:8)
  A hound skeleton (D:8)
  A howler monkey zombie (D:6)
  A worker ant zombie (D:7)
  13 gnolls
  A naga simulacrum (IceCv)
  2 ogre simulacra (IceCv)
  12 adders
  9 shadow imps
  8 white imps
  9 ufetubi
  3 oozes
  An adder zombie (D:5)
  2 adder skeletons
  4 worms
  3 dart slugs
  5 leopard geckos
  125 orcs
  2 ball pythons (D:5)
  5 bats
  5 giant cockroaches
  A gnoll zombie (Ossuary)
  7 goblins
  11 hobgoblins
  7 jackals
  5 quokkas
  3 frilled lizards
  3 hobgoblin zombies (Ossuary)
  13 kobolds
  An orc zombie (Ossuary)
  7 rats
  3 demonic plants (Gauntlet)
  6 fungi
  7 plants
  A starspawn tentacle (Abyss:1)
988 creatures vanquished.

Vanquished Creatures (others)
  A human (D:13)
  An ogre (D:10)
  A centaur (D:13)
  An electric eel (shapeshifter) (Gauntlet)
  An orc wizard (Orc:1)
  An orc (Orc:2)
  4 fungi
  A lurking horror (Abyss:1)
  A starspawn tentacle (Abyss:1)
12 creatures vanquished.

Grand Total: 1000 creatures vanquished

Notes
Turn   | Place    | Note
-------+----------+-------------------------------------------
     0 | D:1      | Mgcat the Minotaur Fighter began the quest for the Orb.
     0 | D:1      | Reached XP level 1. HP: 19/19 MP: 0/0
   202 | D:1      | Reached skill level 4 in Fighting
   202 | D:1      | Reached skill level 3 in Axes
   202 | D:1      | Reached XP level 2. HP: 27/27 MP: 1/1
  1025 | D:2      | Found an ornate altar of the Wu Jian Council.
  1067 | D:2      | Reached XP level 3. HP: 19/34 MP: 2/2
  1362 | D:2      | Noticed a +0 hand axe
  1363 | D:2      | Noticed a +0 dagger
  1365 | D:2      | Found a hide-covered altar of Uskayaw.
  1370 | D:2      | Reached skill level 1 in Evocations
  1781 | D:2      | Reached XP level 4. HP: 37/41 MP: 3/3
  1967 | D:2      | Reached skill level 4 in Axes
  2255 | D:3      | Reached skill level 5 in Fighting
  2267 | D:3      | HP: 10/42 [orc/+0 trident (3)]
  2272 | D:3      | HP: 4/42 [orc (3)]
  2504 | D:3      | Reached XP level 5. HP: 48/48 MP: 5/5
  2506 | D:3      | Reached skill level 2 in Evocations
  2785 | D:3      | Reached skill level 5 in Axes
  3072 | D:4      | Noticed Blork the orc
  3081 | D:4      | Killed Blork the orc
  3081 | D:4      | Reached skill level 3 in Evocations
  3081 | D:4      | Reached XP level 6. HP: 56/56 MP: 7/7
  3196 | D:4      | HP: 10/56 [ogre/+0 giant spiked club (22)]
  3197 | D:4      | Reached skill level 6 in Axes
  3201 | D:4      | Reached skill level 4 in Evocations
  3201 | D:4      | Reached XP level 7. HP: 35/61 MP: 7/9
  3322 | D:4      | Found a sand-covered staircase.
  3332 | Ossuary  | Entered an ossuary
  3620 | Ossuary  | Reached skill level 7 in Axes
  3909 | D:4      | Got a jewelled shortbow
  3910 | D:4      | Identified the +7 shortbow of Ru's Esteem {freeze, rF+ rC+
                  | Int+3} (You found it on level 4 of the Dungeon)
  4058 | D:4      | Found an iron altar of Okawaru.
  4076 | D:4      | Became a worshipper of Warmaster Okawaru
  4177 | D:5      | Entered Level 5 of the Dungeon
  4188 | D:5      | Reached skill level 5 in Evocations
  4332 | D:5      | Reached skill level 1 in Invocations
  4356 | D:5      | Reached skill level 8 in Axes
  4356 | D:5      | Reached skill level 2 in Invocations
  4356 | D:5      | Reached XP level 8. HP: 59/68 MP: 10/10
  4395 | D:5      | Reached * piety under Okawaru
  4404 | D:5      | Reached skill level 3 in Invocations
  4560 | D:5      | Found a hazy altar of Hepliaklqana.
  4919 | D:6      | Found a basalt altar of Yredelemnul.
  4973 | D:6      | Reached skill level 9 in Axes
  5042 | D:6      | Found a staircase to the Ecumenical Temple.
  5068 | D:6      | Reached skill level 4 in Invocations
  5112 | D:6      | You fall through a shaft for 3 floors!
  5112 | D:9      | Noticed Maurice
  5118 | D:9      | Paralysed by Maurice for 2 turns
  5134 | D:9      | Killed Maurice
  5134 | D:9      | Reached ** piety under Okawaru
  5134 | D:9      | Reached skill level 10 in Axes
  5134 | D:9      | Reached skill level 5 in Invocations
  5150 | D:9      | Reached XP level 9. HP: 58/74 MP: 11/11
  5207 | D:8      | Found a blossoming altar of Fedhas.
  5422 | D:7      | Reached skill level 11 in Axes
  5437 | D:7      | Reached *** piety under Okawaru
  5470 | D:7      | Reached skill level 12 in Axes
  6087 | D:6      | Reached skill level 13 in Axes
  6164 | D:6      | Reached skill level 16 in Axes
  6164 | D:6      | Reached XP level 10. HP: 81/81 MP: 12/12
  6172 | D:6      | Identified a scroll of acquirement
  6347 | D:7      | Reached skill level 4 in Armour
  6521 | D:7      | Found a radiant altar of Vehumet.
  6680 | D:8      | Reached **** piety under Okawaru
  6698 | D:8      | Reached XP level 11. HP: 71/89 MP: 13/13
  6740 | D:8      | Reached skill level 6 in Fighting
  6770 | D:8      | Reached skill level 5 in Armour
  6818 | D:8      | Noticed a green ugly thing
  6822 | D:8      | Killed a green ugly thing
  7043 | D:8      | Reached skill level 7 in Fighting
  7336 | D:9      | Reached skill level 8 in Fighting
  7600 | D:9      | Found a staircase to the Lair.
  7664 | D:9      | Noticed Erolcha
  7671 | D:9      | Cast into level 1 of the Abyss (Erolcha)
  7742 | Abyss:1  | Noticed a thrashing horror
  7776 | Abyss:1  | Noticed a sun demon
  7817 | Abyss:1  | Killed a sun demon
  7817 | Abyss:1  | Reached ***** piety under Okawaru
  7817 | Abyss:1  | Reached skill level 9 in Fighting
  7903 | Abyss:1  | Received a gift from Okawaru
  7903 | Abyss:1  | Reached skill level 10 in Fighting
  8087 | Abyss:1  | Noticed a tentacled starspawn
  8112 | Abyss:1  | Noticed a tentacled starspawn
  8115 | Abyss:1  | HP: 12/99 [tentacled starspawn (15)]
  8121 | Abyss:1  | Killed a tentacled starspawn
  8121 | Abyss:1  | Reached skill level 17 in Axes
  8121 | Abyss:1  | Reached skill level 6 in Invocations
  8123 | D:9      | Escaped the Abyss
  8124 | D:9      | HP: 19/99 [Erolcha/stone arrow (10)]
  8128 | D:9      | Killed Erolcha
  8131 | D:9      | Received a gift from Okawaru
  8581 | Lair:1   | Entered Level 1 of the Lair of Beasts
  8653 | D:9      | Noticed Pikel
  8663 | D:9      | Killed Pikel
  8663 | D:9      | Reached skill level 7 in Invocations
  8791 | D:9      | Reached XP level 12. HP: 103/106 MP: 16/16
  8988 | D:10     | Entered Level 10 of the Dungeon
  8994 | D:10     | Noticed an ogre mage
  8998 | D:10     | Killed an ogre mage
  9389 | D:10     | Reached skill level 8 in Invocations
  9534 | D:10     | Found a large runed door.
  9534 | D:10     | Found a large runed door.
  9541 | D:10     | Noticed Mgcat's ghost (journeyman DEAE)
  9915 | D:11     | Reached skill level 18 in Axes
 10431 | D:11     | Found a staircase to the Orcish Mines.
 10447 | D:11     | Reached skill level 9 in Invocations
 10635 | D:11     | Reached ****** piety under Okawaru
 10637 | D:11     | Noticed a four-headed hydra
 10647 | D:11     | Killed a one-headed hydra
 10647 | D:11     | Received a gift from Okawaru
 11051 | Lair:1   | Noticed a seven-headed hydra
 11057 | Lair:1   | Killed a four-headed hydra
 11121 | Lair:1   | Reached skill level 10 in Invocations
 11443 | Lair:1   | Got a transparent chain mail
 11444 | Lair:1   | Identified the +4 chain mail of Joy {SInv} (You found it on
                  | level 1 of the Lair of Beasts)
 11477 | Lair:1   | Got a twisted buckler
 11907 | Lair:2   | Reached skill level 19 in Axes
 11944 | Lair:2   | Reached XP level 13. HP: 82/113 MP: 16/19
 11971 | Lair:2   | Received a gift from Okawaru
 12846 | Lair:3   | Noticed Prince Ribbit
 12853 | Lair:3   | Killed Prince Ribbit
 13071 | Lair:3   | Found a staircase to the Snake Pit.
 13102 | Lair:3   | Reached skill level 20 in Axes
 13247 | Lair:3   | Found a staircase to the Shoals.
 13557 | Lair:4   | Reached skill level 1 in Dodging
 14120 | Lair:4   | Reached skill level 2 in Dodging
 14394 | Lair:5   | Reached skill level 6 in Armour
 14693 | Lair:5   | Reached skill level 3 in Dodging
 15309 | Lair:5   | Received a gift from Okawaru
 15652 | Lair:5   | Noticed Josephine
 15658 | Lair:5   | Killed Josephine
 15813 | Lair:6   | Entered Level 6 of the Lair of Beasts
 15829 | Lair:6   | Reached skill level 6 in Evocations
 15893 | Lair:6   | Reached skill level 11 in Fighting
 15896 | Lair:6   | Reached XP level 14. HP: 108/124 MP: 17/20
 15904 | Lair:6   | Reached skill level 4 in Dodging
 16252 | Lair:6   | Reached skill level 7 in Armour
 16253 | Lair:6   | Received a gift from Okawaru
 16285 | Lair:6   | Found a staircase to the Slime Pits.
 17052 | Lair:6   | Received a gift from Okawaru
 17052 | Lair:6   | Reached skill level 5 in Dodging
 17052 | Lair:6   | Reached skill level 11 in Invocations
 17204 | Lair:6   | Got a heavily runed chain mail
 17205 | Lair:6   | Identified the +2 chain mail of Nuycross {rPois} (You found
                  | it on level 6 of the Lair of Beasts)
 17491 | Orc:1    | Entered Level 1 of the Orcish Mines
 17531 | Orc:1    | Reached skill level 8 in Armour
 17692 | Orc:2    | Entered Level 2 of the Orcish Mines
 17720 | Orc:2    | Reached skill level 7 in Evocations
 17745 | Orc:2    | HP: 27/125 [orc warrior/+0 glaive (9)]
 17754 | Orc:2    | HP: 25/125 [orc warrior/+0 glaive (3)]
 18257 | Orc:2    | Reached skill level 6 in Dodging
 18291 | Orc:2    | HP: 24/125 [orc knight/+0 broad axe (11)]
 18315 | Orc:2    | HP: 30/125 [orc warrior/+0 trident (13)]
 18356 | Orc:2    | Reached skill level 12 in Fighting
 18707 | Orc:2    | Found a burning altar of Makhleb.
 18719 | Orc:2    | Found a staircase to the Elven Halls.
 18767 | Orc:2    | Found Epibyja's Jewellery Shoppe.
 18767 | Orc:2    | Found Avvaitt's Distillery.
 18769 | Orc:2    | Found Jacvyimp's Distillery.
 18771 | Orc:2    | Found Zixy's General Store.
 18823 | Orc:2    | Bought the ring "Qolica" {rElec rF+ MP+9} for 697 gold
                  | pieces
 19422 | D:12     | Received a gift from Okawaru
 19479 | D:12     | Noticed Fannar
 19491 | D:12     | Killed Fannar
 19516 | D:12     | Noticed Gastronok
 19533 | D:12     | Killed Gastronok
 19533 | D:12     | Reached XP level 15. HP: 101/132 MP: 22/22
 19653 | D:12     | Found a glowing golden altar of the Shining One.
 19654 | D:12     | Noticed Snorg
 19671 | D:12     | Killed Snorg
 20145 | D:12     | Noticed Nessos
 20164 | D:12     | Killed Nessos
 20164 | D:12     | Reached skill level 9 in Armour
 20430 | D:13     | Noticed Kirke
 20435 | D:13     | Killed Kirke
 20559 | D:13     | Reached skill level 7 in Dodging
 20578 | D:13     | Noticed Azrael
 20599 | D:13     | Killed Azrael
 20599 | D:13     | Received a gift from Okawaru
 21129 | D:14     | Reached skill level 8 in Evocations
 21131 | D:14     | HP: 32/134 [ghoul (15)]
 21161 | D:14     | Found a gate leading to a gauntlet.
 21164 | Gauntlet | Entered a Gauntlet
 21164 | Gauntlet | Found a transporter.
 21164 | Gauntlet | Found a transporter.
 21415 | Gauntlet | Found a transporter.
 21419 | Gauntlet | Found a transporter.
 21425 | Gauntlet | Found a runed gate.
 21425 | Gauntlet | Found a runed gate.
 21425 | Gauntlet | Found a runed gate.
 21427 | Gauntlet | Found a transporter.
 21431 | Gauntlet | Found a transporter.
 21439 | Gauntlet | Found a transporter.
 21455 | Gauntlet | Found a transporter.
 21469 | Gauntlet | Found a transporter.
 21473 | Gauntlet | Found a transporter.
 21481 | Gauntlet | Found a transporter.
 21485 | Gauntlet | Found a transporter.
 21754 | Gauntlet | Reached skill level 21 in Axes
 21758 | Gauntlet | Got a vibrating jade ring
 21764 | Gauntlet | Identified the ring of Tempters {MP+9 Str+2 Dex+4} (You
                  | found it in a Gauntlet)
 21833 | Gauntlet | Reached skill level 8 in Dodging
 22578 | D:14     | Received a gift from Okawaru
 22581 | D:14     | Got a pair of encrusted boots {god gift}
 22592 | D:14     | Identified the +0 pair of boots of Okawaru's Castigation
                  | {rN++ Str-3 Int-2 Stlth+} (Okawaru gifted it to you on
                  | level 14 of the Dungeon)
 22627 | D:14     | Reached skill level 12 in Invocations
 22786 | D:14     | Found a runed door.
 22787 | D:14     | Found a runed door.
 22892 | D:14     | Reached skill level 10 in Armour
 22963 | D:14     | Found a gate to the Vaults.
 23020 | D:14     | Found a runed door.
 23036 | D:14     | Reached skill level 9 in Dodging
 23126 | D:14     | Reached skill level 13 in Fighting
 23374 | D:14     | Found the macabre finger necklace {rN+}
 23471 | D:14     | Reached XP level 16. HP: 135/143 MP: 24/24
 23915 | D:15     | Entered Level 15 of the Dungeon
 24259 | D:15     | Received a gift from Okawaru
 24736 | D:15     | Found a staircase to the Depths.
 24792 | D:15     | Found a glowing silver altar of Zin.
 24793 | D:15     | Found an ornate altar of the Wu Jian Council.
 24793 | D:15     | Found a bloodstained altar of Trog.
 24817 | D:15     | Reached skill level 10 in Dodging
 25373 | Snake:1  | Entered Level 1 of the Snake Pit
 25379 | Snake:1  | Found Viyclu's Gadget Boutique.
 25382 | Snake:1  | Reached skill level 9 in Evocations
 26285 | Snake:1  | Reached skill level 11 in Armour
 26318 | Snake:1  | HP: 30/144 [naga warrior/splash of poison (16)]
 27253 | Snake:2  | Found Ysuthil's General Store.
 27535 | Snake:2  | Found a frozen archway.
 27539 | IceCv    | Entered an ice cave
 28206 | IceCv    | Noticed an Ice Fiend
 28248 | IceCv    | Killed an Ice Fiend
 28696 | IceCv    | Got a pair of smoking boots
 28701 | IceCv    | Identified the cursed +0 pair of boots "Kiletis" {rElec
                  | Str+4 Int-5} (You found it in an ice cave)
 28898 | Snake:2  | Noticed Vashnia
 28903 | Snake:2  | HP: 31/145 [Vashnia/bolt (18)]
 28904 | Snake:2  | HP: 12/145 [naga sharpshooter/arrow[Vashnia] (10)]
 28904 | Snake:2  | Killed from afar by Vashnia

Vault maps used:
D:1:      roderic_crop_circles_arrival_small, hex_tiny,
          chequers_serial_rivers_micro_a
D:2:      kb_forest_paths, dancing_weapons_uskayaw, lemuel_doored_altar,
          kennysheep_donut, minmay_cupped
D:3:      minmay_angry_zag, hex_intersection
D:4:      okawaru_ov_weapons_minmay, gup_ossuary_entry_pyramid,
          uniq_blork_the_orc
D:5:      lemuel_crystal_altar, first_ration
D:6:      yredelemnul_altar_generic, temple_pool_b
D:7:      old_standard_altar, minmay_manual_mess
D:8:      blue_anna_alchemist, fedhas_bush_and_centaur_altar
D:9:      erik_lair_island, uniq_maurice, uniq_erolcha, uniq_pikel
D:10:     serial_glass, glass_columns_b, glass_columns_c,
          minmay_strange_pillars, due_unseen_surprise, feat_on_display,
          item_on_display_a, ebering_ghost_disaster_area, kb_rosetta
D:11:     kennysheep_orc_monster_closet_entryway, serial_column_ruins,
          column_ruins_hut, column_ruins_grid_4, column_ruins_grid_4,
          column_ruins_open_tiny, column_ruins_grid_1,
          column_ruins_corridor_straight, column_ruins_grid_1
D:12:     basic_altar, uniq_nessos, uniq_fannar, uniq_snorg, uniq_gastronok
D:13:     uniq_azrael, uniq_kirke
D:14:     minmay_the_grid_triangle_9x9_line_8_mashed, david_vaults_5,
          nrook_uturn, gauntlet_entry_generic, serial_undead, serial_undead_d,
          serial_undead_d, serial_undead_f, serial_undead_e, serial_undead_d,
          serial_undead_a, serial_undead_d, serial_undead_a, serial_undead_e,
          serial_undead_a
D:15:     hangedman_slaughterboxes
Lair:2:   nicolae_quartered_pool_super, lemuel_fruit_fields, grunt_megastairs_2
Lair:3:   minmay_shoals_entry_lonely_mermaid, guppyfry_snake_entry_island,
          grunt_megastairs_3, uniq_prince_ribbit2
Lair:4:   lemuel_fruit_tree
Lair:5:   minmay_shattered_shrine, grunt_megastairs_1, serial_bayou_shore_a,
          uniq_josephine
Lair:6:   hangedman_lair_in_review, slime_dummy
Snake:1:  serial_shops, shop, serial_bayou_shore_b
Snake:2:  serial_shops, shop, portal_ice_cave_entry_pillars_1,
          gammafunk_ghost_arena, uniq_vashnia, uniq_frances, uniq_agnes
Orc:2:    st_orc_rangers, basic_altar
Abyss:1:  evilmike_abyss_exit_mutagenic
Ossuary:  ossuary_crypta
IceCv:    ice_cave_caverns_03
Gauntlet: minmay_gauntlet_77_indecision

Skill      XL: |  1  2  3  4  5  6  7  8  9 10 11 12 13 14 15 16 |
---------------+-------------------------------------------------+-----
Fighting       | 4 5 10 11 12 13 | 13.9
Axes           | 3 4 5 6 8 10 16 17 19 20 21 | 21.5
Evocations     | 1 3 4 5 6 7 8 9 |  9.5
Invocations    | 2 5 7 10 11 12 | 12.8
Armour         | 4 5 6 8 10 11 | 11.3
Dodging        | 3 6 9 10 | 10.0
Shields        | |  3.6

Action                   |  1- 3 |  4- 6 |  7- 9 | 10-12 | 13-15 | 16-18 || total
-------------------------+-------+-------+-------+-------+-------+-------++-------
Melee: War axe           |    60 |   131 |   260 |   187 |       |       ||   638
       Headbutt          |    12 |    24 |    53 |    75 |   193 |    89 ||   446
       Battleaxe         |       |       |       |   258 |   984 |   333 ||  1575
       Unarmed           |       |       |       |       |     1 |       ||     1
Invok: Heroism           |       |       |     3 |    10 |    19 |     4 ||    36
       Finesse           |       |       |       |     1 |     4 |       ||     5
 Abil: Evoke Berserk Rag |       |     1 |     1 |     2 |     1 |       ||     5
Evoke: Wand              |       |       |       |     5 |     4 |     1 ||    10
  Use: Potion            |       |     4 |     1 |     4 |     7 |     2 ||    18
       Scroll            |       |       |     8 |    32 |     7 |     5 ||    52
 Stab: Distracted        |       |       |       |     1 |     1 |       ||     2
       Paralysed         |       |       |       |       |     1 |       ||     1
       Petrified         |       |       |       |       |     1 |       ||     1
  Eat: Chunk             |     3 |     5 |     8 |    11 |    34 |     7 ||    68
       Ration            |       |       |     1 |     3 |     1 |     3 ||     8
Armor: Scale mail        |    18 |    46 |     7 |       |       |       ||    71
       Plate armour      |       |       |   118 |   281 |       |    66 ||   465
       Chain mail        |       |       |       |     6 |   212 |       ||   218
       Crystal plate arm |       |       |       |       |   436 |   143 ||   579
Dodge: Dodged            |    24 |    62 |    58 |   126 |   343 |   128 ||   741
Block: Shield            |     3 |       |       |       |       |       ||     3
       Buckler           |     5 |    29 |    37 |    28 |       |       ||    99

Table legend:
 A = Non-vault XP
 B = Vault XP
 C = Vault XP percentage of total XP
 D = Non-vault monster count
 E = Vault monster count
 F = Vault count percentage of total count
                 A         B        C        D         E       F
            +---------+---------+-------+---------+---------+-------
      Total |   95546 |   96814 |  50.3 |     655 |     312 |  32.3
            +---------+---------+-------+---------+---------+-------
        D:1 |      27 |       0 |   0.0 |      10 |       0 |   0.0
        D:2 |      82 |      22 |  21.2 |      16 |       9 |  36.0
        D:3 |     232 |      14 |   5.7 |      40 |       5 |  11.1
        D:4 |     393 |     120 |  23.4 |      15 |       2 |  11.8
        D:5 |     816 |       0 |   0.0 |      18 |       0 |   0.0
        D:6 |     998 |       0 |   0.0 |      23 |       0 |   0.0
        D:7 |    1528 |      45 |   2.9 |      44 |       2 |   4.3
        D:8 |    2285 |     210 |   8.4 |      33 |       2 |   5.7
        D:9 |    2100 |    3132 |  59.9 |      23 |      11 |  32.4
       D:10 |    2635 |    1056 |  28.6 |      35 |       4 |  10.3
       D:11 |    5917 |    1489 |  20.1 |      32 |      20 |  38.5
       D:12 |    3917 |    5789 |  59.6 |      36 |       4 |  10.0
       D:13 |    3710 |    5607 |  60.2 |      19 |      15 |  44.1
       D:14 |    9929 |   27825 |  73.7 |      40 |      57 |  58.8
       D:15 |       0 |    9983 | 100.0 |       0 |      23 | 100.0
     Lair:1 |    3366 |       0 |   0.0 |      15 |       0 |   0.0
     Lair:2 |    3981 |     410 |   9.3 |      21 |       2 |   8.7
     Lair:3 |    4309 |    2192 |  33.7 |      25 |       7 |  21.9
     Lair:4 |    3969 |       0 |   0.0 |      16 |       0 |   0.0
     Lair:5 |    4638 |    6329 |  57.7 |      23 |      16 |  41.0
     Lair:6 |    9876 |   11628 |  54.1 |      32 |      21 |  39.6
    Snake:1 |   15450 |       0 |   0.0 |      32 |       0 |   0.0
    Snake:2 |     619 |       0 |   0.0 |       2 |       0 |   0.0
      Orc:1 |    5391 |       0 |   0.0 |      44 |       0 |   0.0
      Orc:2 |    4328 |    5861 |  57.5 |      51 |      38 |  42.7
    Abyss:1 |    5050 |       0 |   0.0 |      10 |       0 |   0.0
    Ossuary |       0 |     204 | 100.0 |       0 |      13 | 100.0
      IceCv |       0 |   10808 | 100.0 |       0 |      52 | 100.0
   Gauntlet |       0 |    4090 | 100.0 |       0 |       9 | 100.0
            +---------+---------+-------+---------+---------+-------

Vault maps used:
D:1:      roderic_crop_circles_arrival_small, hex_tiny,
          chequers_serial_rivers_micro_a
D:2:      kb_forest_paths, dancing_weapons_uskayaw, lemuel_doored_altar,
          kennysheep_donut, minmay_cupped
D:3:      minmay_angry_zag, hex_intersection
D:4:      okawaru_ov_weapons_minmay, gup_ossuary_entry_pyramid,
          uniq_blork_the_orc
D:5:      lemuel_crystal_altar, first_ration
D:6:      yredelemnul_altar_generic, temple_pool_b
D:7:      old_standard_altar, minmay_manual_mess
D:8:      blue_anna_alchemist, fedhas_bush_and_centaur_altar
D:9:      erik_lair_island, uniq_maurice, uniq_erolcha, uniq_pikel
D:10:     serial_glass, glass_columns_b, glass_columns_c,
          minmay_strange_pillars, due_unseen_surprise, feat_on_display,
          item_on_display_a, ebering_ghost_disaster_area, kb_rosetta
D:11:     kennysheep_orc_monster_closet_entryway, serial_column_ruins,
          column_ruins_hut, column_ruins_grid_4, column_ruins_grid_4,
          column_ruins_open_tiny, column_ruins_grid_1,
          column_ruins_corridor_straight, column_ruins_grid_1
D:12:     basic_altar, uniq_nessos, uniq_fannar, uniq_snorg, uniq_gastronok
D:13:     uniq_azrael, uniq_kirke
D:14:     minmay_the_grid_triangle_9x9_line_8_mashed, david_vaults_5,
          nrook_uturn, gauntlet_entry_generic, serial_undead, serial_undead_d,
          serial_undead_d, serial_undead_f, serial_undead_e, serial_undead_d,
          serial_undead_a, serial_undead_d, serial_undead_a, serial_undead_e,
          serial_undead_a
D:15:     hangedman_slaughterboxes
Lair:2:   nicolae_quartered_pool_super, lemuel_fruit_fields, grunt_megastairs_2
Lair:3:   minmay_shoals_entry_lonely_mermaid, guppyfry_snake_entry_island,
          grunt_megastairs_3, uniq_prince_ribbit2
Lair:4:   lemuel_fruit_tree
Lair:5:   minmay_shattered_shrine, grunt_megastairs_1, serial_bayou_shore_a,
          uniq_josephine
Lair:6:   hangedman_lair_in_review, slime_dummy
Snake:1:  serial_shops, shop, serial_bayou_shore_b
Snake:2:  serial_shops, shop, portal_ice_cave_entry_pillars_1,
          gammafunk_ghost_arena, uniq_vashnia, uniq_frances, uniq_agnes
Orc:2:    st_orc_rangers, basic_altar
Abyss:1:  evilmike_abyss_exit_mutagenic
Ossuary:  ossuary_crypta
IceCv:    ice_cave_caverns_03
Gauntlet: minmay_gauntlet_77_indecision

Table legend:
 A = Turns spent in this place as a percentage of turns spent in the entire game.
 B = Non-inter-level travel turns spent in this place as a percentage of non-inter-level travel turns spent in the entire game.
 C = Inter-level travel turns spent in this place as a percentage of turns spent in this place.
 D = Turns resting spent in this place as a percentage of non-inter-level travel turns spent in this place.
 E = Turns spent auto-exploring this place as a percentage of non-inter-level travel turns spent in this place.
 F = Non-inter-level travel turns spent in this place divided by the number of levels of this place that you've seen.
                   A       B       C       D       E      F
               +-------+-------+-------+-------+-------+----------------------
         Total | 100.0 | 100.0 |   4.5 |  19.7 |  61.8 | 952.1
       Dungeon |  52.5 |  51.9 |   5.5 |  14.9 |  66.5 | 955.9
          Lair |  23.2 |  23.2 |   4.6 |  10.3 |  75.7 | 1066.2
     Snake Pit |   6.9 |   7.1 |   2.0 |  30.0 |  54.7 | 984.0
  Orcish Mines |   6.6 |   6.5 |   5.9 |  39.7 |  38.5 | 895.0
         Abyss |   1.6 |   1.6 |   0.0 |   0.0 |  27.2 | 452.0
       Ossuary |   1.7 |   1.7 |   0.0 |  50.7 |  26.3 | 479.0
      Ice Cave |   4.7 |   4.9 |   0.0 |  53.9 |  28.3 | 1348.0
      Gauntlet |   2.9 |   3.0 |   0.0 |  46.8 |  34.0 | 838.0
               +-------+-------+-------+-------+-------+----------------------

Table legend:
 A = Kills in this place as a percentage of kills in entire the game.
 B = Kills by you in this place as a percentage of kills by you in the entire game.
 C = Kills by friends in this place as a percentage of kills by friends in the entire game.
 D = Other kills in this place as a percentage of other kills in the entire game.
 E = Experience gained in this place as a percentage of experience gained in the entire game.
 F = Experience gained in this place divided by the number of levels of this place that you have seen.
                   A       B       C       D       E      F
               +-------+-------+-------+-------+-------+----------------------
         Total | 100.0 | 100.0 |   N/A |   N/A | 100.0 | 6633.1
       Dungeon |  55.6 |  55.6 |   N/A |   N/A |  46.7 | 5990.7
          Lair |  18.4 |  18.4 |   N/A |   N/A |  26.4 | 8449.7
     Snake Pit |   3.5 |   3.5 |   N/A |   N/A |   8.4 | 8034.5
  Orcish Mines |  13.8 |  13.8 |   N/A |   N/A |   8.1 | 7790.0
         Abyss |   1.0 |   1.0 |   N/A |   N/A |   2.6 | 5050.0
       Ossuary |   1.3 |   1.3 |   N/A |   N/A |   0.1 | 204.0
      Ice Cave |   5.4 |   5.4 |   N/A |   N/A |   5.6 | 10808.0
      Gauntlet |   0.9 |   0.9 |   N/A |   N/A |   2.1 | 4090.0
               +-------+-------+-------+-------+-------+----------------------
